 Dungeon Crawl Stone Soup version 0.21.1-1-g345015f (webtiles) character file.

210092 erloom the Slayer (level 18, 0/136 HPs)
             Began as a Gargoyle Fighter on Mar 10, 2018.
             Was the Champion of Okawaru.
             Slain by a wolf spider (24 damage)
             ... on level 3 of the Spider Nest.
             The game lasted 02:07:44 (34186 turns).

erloom the Slayer (Gargoyle Fighter)               Turns: 34186, Time: 02:07:45

Health: 0/136      AC: 33    Str: 22    XL:     18   Next: 84%
Magic:  0/24       EV: 10    Int: 15    God:    Okawaru [******]
Gold:   2582       SH: 19    Dex: 13    Spells: 17/17 levels left

rFire    x . .     SeeInvis .   X - +5 demon whip (vamp)
rCold    + + .     Gourm    .   r - +0 large shield
rNeg     + + .     Faith    .   g - +1 ice dragon scales
rPois    ∞         Spirit   +   Z - +2 hat {MR+}
rElec    +         Reflect  .   h - +2 cloak {MR+}
rCorr    +         Harm     .   A - +0 pair of gloves
MR       ++++.                  Q - +0 pair of boots
Stlth    ..........             E - amulet of guardian spirit
HPRegen  0.32/turn              O - ring of protection from magic
MPRegen  0.19/turn              c - ring of Nynus {rCorr rN+ Dex+4}

@: berserk cooldown, flying, slowed, very slow
A: big wings, deformed body, negative energy resistance 1, electricity
resistance, unbreathing, petrification resistance, rot immunity, AC +13
}: 1/15 runes: decaying
a: Stop Flying, Heroism, Finesse, Renounce Religion


You were on level 3 of the Spider Nest.
You worshipped Okawaru.
Okawaru was exalted by your worship.
You were not hungry.

You visited 6 branches of the dungeon, and saw 31 of its levels.
You visited the Abyss 1 time.
You visited 1 bazaar.
You also visited: Labyrinth and Sewer.

You collected 2825 gold pieces.
You spent 243 gold pieces at shops.

Inventory:

Hand Weapons
 J - the +6 flail of Cicacuvyf {drain, *Contam rPois Int+6}
   (You found it on level 8 of the Dungeon)

   A truly terrible weapon, it drains the life of those it strikes.
   It affects your intelligence (+6).
   It protects you from poison.
   It causes magical contamination when unequipped.
 P - the +7 dire flail of the People {freeze, rElec Str+3}
   (Okawaru gifted it to you on level 6 of the Lair of Beasts)

   It has been specially enchanted to freeze those struck by it, causing extra
   injury to most foes and up to half again as much damage against particularly
   susceptible opponents.
   It can also slow down cold-blooded creatures.
   It affects your strength (+3).
   It insulates you from electricity.
 X - a +5 vampiric demon whip (weapon)
Missiles
 k - 34 tomahawks (quivered)
Armour
 g - +1 ice dragon scales (worn)
 h - a +2 cloak of magic resistance (worn)
 r - a +0 large shield (worn)
 A - a +0 pair of gloves (worn)
 Q - a +0 pair of boots (worn)
 Z - a +2 hat of magic resistance (worn)
Jewellery
 c - the ring of Nynus (right hand) {rCorr rN+ Dex+4}
   (You found it on level 12 of the Dungeon)

   [ring of resist corrosion]

   It affects your dexterity (+4).
   It protects you from negative energy.
 e - an uncursed ring of protection from fire
 m - an uncursed amulet of rage {unknown}
 y - an uncursed amulet of rage {unknown}
 E - an amulet of guardian spirit (around neck)
 H - an uncursed ring of ice
 O - a ring of protection from magic (left hand)
Wands
 d - a wand of acid (1)
 q - a wand of disintegration (53)
 u - a wand of digging (1)
 N - a wand of clouds (6)
Scrolls
 a - a scroll of enchant weapon
 b - 4 scrolls of magic mapping
 l - 2 scrolls of identify
 n - 2 scrolls of fear
 p - 3 scrolls of remove curse
 v - 9 scrolls of teleportation
 x - a scroll of enchant armour
 K - a scroll of amnesia
 L - 2 scrolls of blinking
 Y - 3 scrolls of fog
Potions
 j - 2 potions of resistance
 s - 3 potions of cancellation
 t - 6 potions of heal wounds
 w - 14 potions of curing
 z - a potion of brilliance
 B - 3 potions of magic
 C - 8 potions of might
 D - a potion of agility
 G - 3 potions of berserk rage
 U - a potion of invisibility
 W - 5 potions of haste
Books
 F - a book of Air

   Spells                             Type                      Level
   a - Shock                          Conjuration/Air              1
   b - Swiftness                      Charms/Air                   2
   c - Static Discharge               Conjuration/Air              3
   d - Airstrike                      Air                          4
   e - Lightning Bolt                 Conjuration/Air              5
 S - a book of Debilitation

   Spells                             Type                      Level
   a - Corona                         Hexes                        1
   b - Slow                           Hexes                        2
   c - Inner Flame                    Hexes/Fire                   3
   d - Portal Projectile              Hexes/Translocation          3
   e - Cause Fear                     Hexes                        4
   f - Leda's Liquefaction            Hexes/Earth                  4
Miscellaneous
 i - 3 sacks of spiders
 o - a lamp of fire
 I - a phantom mirror
 T - a box of beasts
Comestibles
 f - 38 rations


   Skills:
 * Level 23.1 Fighting
 + Level 13.8 Maces & Flails
 + Level 13.9 Armour
 - Level 5.0 Dodging
 + Level 13.9 Shields
 - Level 8.0 Invocations


You had 17 spell levels left.
You didn't know any spells.

Dungeon Overview and Level Annotations

Branches:
Dungeon (15/15)            Temple (1/1) D:5            Lair (6/6) D:9
  Swamp (4/4) Lair:2       Spider (3/4) Lair:2        Slime (0/5) Lair:6
    Orc (2/2) D:12            Elf (0/3) Orc:2        Vaults (0/5) D:13
 Depths (0/5) D:15

Altars:
Ashenzari
Cheibriados
Dithmenos
Elyvilon
Fedhas
Gozag
Hepliaklqana
Kikubaaqudgha
Makhleb
Nemelex Xobeh
Okawaru
Qazlal
Ru
Trog
Uskayaw
Vehumet
Wu Jian
Xom
Yredelemnul
Zin
The Shining One
Beogh
Jiyva

Shops:
D:5 (   D:7 !=   Orc:1 *%   Orc:2 *:[[(

Portals:
Trove: D:15 (give 16 scrolls of identify)

Annotations:
D:3 Blork the orc
Swamp:1 exclusion: Roxanne, Roxanne


Innate Abilities, Weirdness & Mutations

You are resistant to torment.
Your stone body is resilient. (AC +13)
You are immune to poison.
Your large and strong wings let you fly indefinitely.
You resist negative energy. (rN+)
You are resistant to electric shocks. (rElec)
You can survive without breathing.
You are immune to petrification.
You are immune to rotting.
Armour fits poorly on your strangely shaped body.


Message History

You block the wolf spider's attack. The wolf spider bites you!
* * * LOW HITPOINT WARNING * * *
You block the tarantella's attack. The wolf spider barely misses you.
The wolf spider closely misses you.
You hit the wolf spider.
The wolf spider is moderately wounded.
The wolf spider hits you!
* * * LOW HITPOINT WARNING * * *
The wolf spider barely misses you.
You hit the wolf spider.
You feel better.
The wolf spider is moderately wounded.
You block the wolf spider's attack.
The wolf spider bites you but does no damage.
You block the tarantella's attack.
The wolf spider hits you but does no damage.
You block the wolf spider's attack.
You barely miss the wolf spider.
The wolf spider is moderately wounded.
The wolf spider hits you!!
You die...

..#.....<# .#..#..###
. <...#..############
..
#.......#8.†.....8#...
........†...8.8...'^..
........#8.......8#..#
..#....####...†.### #
..^....# ##....s###
#......##8.....s@8#
.......##...8[8...#
.......##8.......8#
.#...#.####..#..###
.#...### #..#..#
.#.....# 8.......
...#...# .....8..
##.....# ...%.
^......#


You could see a wolf spider (berserk) and a tarantella.

Vanquished Creatures
  Arachne (Spider:2)
  Jorgrun (Swamp:2)
  A tentacled monstrosity (Swamp:1)
  Kirke (Spider:1)
  Frances (Swamp:2)
  A thorn hunter (Swamp:1)
  Donald (Swamp:1)
  An emperor scorpion (Spider:3)
  A ghost moth (Spider:3)
  2 orc warlords (Orc:2)
  Aizul (Swamp:1)
  An entropy weaver (Spider:3)
  Nessos (D:14)
  A spark wasp (Spider:1)
  The ghost of Agrougrou the Basher, a journeyman OgSk of Okawaru (D:13)
  Snorg (D:14)
  A yaktaur captain (D:15)
  3 vault guards
  A minotaur (Lab)
  29 hydras
  An ice dragon (Lair:6)
  The ghost of Goblin1989 the Martial Artist, a journeyman DsTm of Uskayaw (Lair:2)
  7 centaur warriors
  12 death yaks
  16 alligators
  7 two-headed ogres
  3 thrashing horrors (Abyss:2)
  2 orc high priests (Orc:2)
  3 tengu warriors
  16 swamp dragons
  4 spriggan druids
  2 unseen horrors
  A wizard (D:13)
  A deep troll (D:15)
  2 large abominations (Abyss:2)
  A shambling mangrove (Swamp:4)
  2 necromancers (D:13)
  Pikel (D:4)
  3 orc knights (Orc:2)
  9 orb spiders
  18 wolf spiders
  11 deep elf magi
  6 oklob plants
  4 manticores
  A cyclops (D:13)
  3 orc sorcerers (Orc:2)
  11 ugly things
  9 elephants
  A moth of wrath (Spider:3)
  5 black mambas
  An apocalypse crab (Abyss:2)
  3 torpor snails
  An orange demon (Abyss:2)
  A smoke demon (Abyss:2)
  3 gargoyles
  4 rime drakes
  23 spiny frogs
  A yaktaur (D:13)
  14 demonic crawlers
  10 komodo dragons
  2 kobold demonologists
  An efreet (D:13)
  A hellwing (Abyss:2)
  An ancient zyme (Abyss:2)
  6 trolls
  8 polar bears
  21 jumping spiders
  4 tengu conjurers
  14 hornets
  4 tyrant leeches
  20 slime creatures
  5 bog bodies
  14 hippogriffs
  2 harpy skeletons
  22 blink frogs
  6 dream sheep
  2 shadows
  14 spriggans
  9 tarantellas
  24 redbacks
  A wraith (D:15)
  A vampire (D:12)
  36 yaks
  5 wyverns
  Grum (D:9)
  4 basilisks
  19 humans (D:13)
  26 vampire mosquitoes
  A hungry ghost (D:11)
  8 wargs
  9 insubstantial wisps
  An acid dragon (D:13)
  A soldier ant (D:14)
  29 swamp worms
  13 water moccasins
  Duvessa (D:4)
  13 porcupines
  11 swamp drakes
  42 orc warriors
  3 ice beasts
  5 sky beasts
  3 slaves (D:4)
  6 small abominations (Abyss:2)
  An eye of draining (D:3)
  2 phantoms
  13 ogres
  The ghost of Cerpago the Sneak, an amateur DrAs (D:3)
  4 black bears
  2 necrophages (D:10)
  5 boggarts (Lair:6)
  24 wolves
  The ghost of letownia2 the Magician, an amateur MfWz (D:4)
  14 centaurs
  13 crocodiles
  3 big kobolds
  19 bullfrogs
  2 wyvern zombies (D:10)
  Dowan (D:4)
  A wyvern skeleton (D:10)
  2 scorpions
  5 killer bees (D:10)
  8 wights
  3 electric eels
  6 howler monkeys
  4 centaur zombies
  5 crimson imps
  A bullfrog zombie (D:12)
  11 hounds
  A quasit (D:5)
  25 orc priests
  5 jellies
  A gnoll shaman (D:12)
  2 bullfrog skeletons
  27 orc wizards
  6 centaur skeletons
  6 worker ants
  4 iguanas
  3 worker ant zombies
  Robin (D:2)
  8 gnolls
  18 adders
  10 river rats (Sewer)
  4 shadow imps
  3 white imps (Lair:6)
  An adder zombie (D:5)
  An adder skeleton (D:9)
  2 worms
  3 dart slugs
  6 leopard geckos
  95 orcs
  6 ball pythons
  10 giant cockroaches
  10 goblins
  9 hobgoblins
  2 jackals (D:1)
  31 kobolds
  2 quokkas
  6 bats
  8 frilled lizards
  A leopard gecko zombie (D:6)
  A quokka skeleton (D:5)
  18 rats
  2 plants (Lab)
1183 creatures vanquished.

Vanquished Creatures (others)
  3 humans (Spider:1)
  An orc priest (Orc:2)
  A shadow imp (D:15)
  2 orcs (D:15)
  5 fungi
  5 plants
17 creatures vanquished.

Grand Total: 1200 creatures vanquished

Notes
Turn   | Place    | Note
-------+----------+-------------------------------------------
     0 | D:1      | erloom the Gargoyle Fighter began the quest for the Orb.
     0 | D:1      | Reached XP level 1. HP: 14/14 MP: 1/1
    98 | D:1      | Reached XP level 2. HP: 19/19 MP: 2/2
   270 | D:1      | Reached XP level 3. HP: 24/24 MP: 3/3
   273 | D:1      | Reached skill level 4 in Fighting
   357 | D:1      | Found a sparkling altar of Nemelex Xobeh.
  1308 | D:3      | Reached XP level 4. HP: 19/30 MP: 4/4
  1419 | D:3      | Noticed Cerpago's ghost (amateur DrAs)
  1444 | D:3      | Killed Cerpago's ghost
  1444 | D:3      | Reached skill level 5 in Fighting
  1444 | D:3      | Reached XP level 5. HP: 24/35 MP: 5/5
  1554 | D:3      | Found a stormy altar of Qazlal.
  1572 | D:3      | Noticed Robin
  1713 | D:2      | Killed Robin
  1901 | D:3      | Noticed Blork the orc
  2045 | D:3      | Found a bloodstained altar of Trog.
  2045 | D:3      | Noticed an eye of draining
  2066 | D:3      | Killed an eye of draining
  2066 | D:3      | Reached XP level 6. HP: 41/41 MP: 1/6
  2311 | D:4      | Found a shadowy altar of Dithmenos.
  2324 | D:4      | Noticed Duvessa
  2325 | D:4      | Noticed Dowan
  2335 | D:4      | Killed Duvessa
  2335 | D:4      | Reached skill level 6 in Fighting
  2335 | D:4      | Reached skill level 5 in Maces & Flails
  2351 | D:4      | Killed Dowan
  2351 | D:4      | Reached XP level 7. HP: 23/47 MP: 7/7
  2396 | D:4      | Found a glowing drain.
  2418 | Sewer    | Entered a sewer
  2934 | Sewer    | Reached skill level 7 in Fighting
  3174 | D:4      | Reached XP level 8. HP: 9/53 MP: 8/8
  3514 | D:4      | Noticed Pikel
  3545 | D:4      | Killed Pikel
  3545 | D:4      | Reached skill level 8 in Fighting
  4293 | D:4      | Noticed letownia2's ghost (amateur MfWz)
  4304 | D:4      | Killed letownia2's ghost
  4304 | D:4      | Reached skill level 9 in Fighting
  4408 | D:4      | Reached XP level 9. HP: 60/60 MP: 9/9
  4521 | D:5      | Entered Level 5 of the Dungeon
  4667 | D:5      | Found a staircase to the Ecumenical Temple.
  4672 | Temple   | Entered the Ecumenical Temple
  4715 | Temple   | Became a worshipper of Warmaster Okawaru
  4949 | D:5      | Found Coriomis's Antique Weapon Boutique.
  5222 | D:6      | Reached * piety under Okawaru
  5222 | D:6      | Reached skill level 10 in Fighting
  5866 | D:7      | Found Pafruff's Distillery.
  6090 | D:7      | Found Gekli's Jewellery Shoppe.
  6317 | D:7      | Found a snail-covered altar of Cheibriados.
  6318 | D:7      | Found a glowing silver altar of Zin.
  6707 | D:8      | Reached skill level 11 in Fighting
  6716 | D:8      | Reached XP level 10. HP: 57/69 MP: 10/10
  6969 | D:8      | Got a fine flail
  6971 | D:8      | Identified the +6 flail of Cicacuvyf {drain, *Contam rPois Int+6} (You found it on level 8 of the Dungeon)
  7052 | D:8      | Reached skill level 10 in Maces & Flails
  7121 | D:8      | Reached ** piety under Okawaru
  7181 | D:8      | Noticed a two-headed ogre
  7197 | D:8      | Killed a two-headed ogre
  7787 | D:9      | Found an opulent altar of Gozag.
  7934 | D:9      | Reached *** piety under Okawaru
  7956 | D:9      | Reached skill level 12 in Fighting
  8289 | D:9      | Found a radiant altar of Vehumet.
  8291 | D:9      | Found a shimmering altar of Xom.
  8291 | D:9      | Found a shattered altar of Ashenzari.
  8304 | D:9      | Found a sacrificial altar of Ru.
  8337 | D:9      | Found a staircase to the Lair.
  8342 | Lair:1   | Entered Level 1 of the Lair of Beasts
  8342 | Lair:1   | Noticed a five-headed hydra
  8350 | D:9      | Killed a five-headed hydra
  8367 | Lair:1   | Reached **** piety under Okawaru
  8445 | Lair:1   | Reached XP level 11. HP: 76/76 MP: 11/11
  8566 | Lair:1   | Reached skill level 5 in Armour
  8566 | Lair:1   | Reached skill level 5 in Shields
  8828 | Lair:1   | Reached skill level 13 in Fighting
  9029 | Lair:1   | Reached ***** piety under Okawaru
  9082 | Lair:1   | Noticed a four-headed hydra
  9092 | Lair:1   | Killed a four-headed hydra
  9109 | Lair:1   | Noticed a four-headed hydra
  9121 | Lair:1   | Killed a four-headed hydra
  9121 | Lair:1   | Received a gift from Okawaru
  9135 | Lair:1   | Got a pair of faintly glowing boots {god gift}
  9141 | Lair:1   | Identified the +0 pair of boots "Tiv Kaargh" {-Tele rPois rC+ Stlth+} (Okawaru gifted it to you on level 1 of the Lair of Beasts)
  9655 | Lair:2   | Found a transporter.
  9656 | Lair:2   | Found the +2 ratskin cloak {+Rats rPois rN+ Str-1 Int-1 Dex+1}
  9659 | Lair:2   | Noticed a swamp dragon
  9660 | Lair:2   | Noticed a swamp dragon
  9695 | Lair:2   | Noticed Goblin1989's ghost (journeyman DsTm)
  9731 | Lair:2   | Killed Goblin1989's ghost
  9731 | Lair:2   | Reached XP level 12. HP: 79/84 MP: 12/12
  9743 | Lair:2   | Found a transporter.
  9775 | Lair:2   | Found an iron altar of Okawaru.
  9818 | Lair:2   | Reached skill level 14 in Fighting
  9921 | Lair:2   | Found a hole to the Spider Nest.
 10017 | Lair:2   | Found a staircase to the Swamp.
 10763 | Lair:3   | Received a gift from Okawaru
 11215 | Lair:3   | Noticed a seven-headed hydra
 11226 | Lair:3   | Killed a seven-headed hydra
 11527 | Lair:4   | Received a gift from Okawaru
 11567 | Lair:4   | Gained mutation: Armour fits poorly on your strangely shaped body. [mutagenic glow]
 11585 | Lair:4   | Noticed a seven-headed hydra
 11598 | Lair:4   | Killed a seven-headed hydra
 11598 | Lair:4   | Reached skill level 15 in Fighting
 11598 | Lair:4   | Reached skill level 1 in Invocations
 11614 | Lair:4   | Reached skill level 1 in Dodging
 11810 | Lair:4   | Reached XP level 13. HP: 92/92 MP: 14/14
 11831 | Lair:4   | Reached ****** piety under Okawaru
 12391 | Lair:5   | Received a gift from Okawaru
 12790 | Lair:5   | Reached skill level 16 in Fighting
 13313 | Lair:6   | Entered Level 6 of the Lair of Beasts
 13384 | Lair:5   | Reached skill level 5 in Invocations
 13608 | Lair:6   | Noticed an ice dragon
 13624 | Lair:6   | Killed an ice dragon
 13855 | Lair:6   | Gained mutation: Your large and strong wings let you fly indefinitely. [Gargoyle growth]
 13855 | Lair:6   | Reached XP level 14. HP: 100/100 MP: 15/18
 13984 | Lair:6   | Reached skill level 17 in Fighting
 13988 | Lair:6   | Received a gift from Okawaru
 14082 | Lair:6   | Reached skill level 5 in Dodging
 14574 | Lair:6   | Found a staircase to the Slime Pits.
 14797 | Lair:6   | Received a gift from Okawaru
 14822 | Lair:6   | Got a faintly glowing dire flail {god gift}
 14944 | Lair:6   | Reached skill level 18 in Fighting
 15658 | D:9      | Noticed Grum
 15666 | D:9      | Cast into level 2 of the Abyss (Grum)
 15706 | Abyss:2  | Paralysed by you for 5 turns
 15724 | Abyss:2  | Identified the +7 dire flail of the People {freeze, rElec Str+3} (Okawaru gifted it to you on level 6 of the Lair of Beasts)
 15880 | Abyss:2  | Noticed a starcursed mass
 15921 | Abyss:2  | Paralysed by accursed screaming for 1 turns
 16155 | Abyss:2  | Received a gift from Okawaru
 16207 | D:9      | Escaped the Abyss
 16215 | D:9      | Killed Grum
 16337 | D:10     | Entered Level 10 of the Dungeon
 17376 | D:11     | Reached skill level 19 in Fighting
 17376 | D:11     | Reached XP level 15. HP: 111/111 MP: 21/21
 18033 | D:12     | Got a translucent lapis lazuli ring
 18034 | D:12     | Found a staircase to the Orcish Mines.
 18054 | D:12     | Found a labyrinth entrance.
 18121 | Lab      | Entered a labyrinth
 18831 | Lab      | Got a brightly glowing lead amulet
 18834 | Lab      | Got a shimmering helmet
 18861 | D:12     | Identified the cursed -5 helmet of Pysoiv {rF+++ Str-3 SInv} (You found it in a labyrinth)
 18862 | D:12     | Identified the ring of Nynus {rCorr rN+ Dex+4} (You found it on level 12 of the Dungeon)
 18864 | D:12     | Identified the amulet of Yguptemu {Gourm rN+} (You found it in a labyrinth)
 19106 | Orc:1    | Entered Level 1 of the Orcish Mines
 19707 | Orc:1    | Found Vikahiwe's Assorted Antiques.
 19792 | Orc:1    | Bought a scroll of teleportation for 69 gold pieces
 19887 | Orc:1    | Found Itiamp's Food Emporium.
 20109 | Orc:2    | Entered Level 2 of the Orcish Mines
 20136 | Orc:2    | Received a gift from Okawaru
 20169 | Orc:2    | Found a staircase to the Elven Halls.
 20189 | Orc:2    | Noticed an orc warlord
 20236 | Orc:2    | Killed an orc warlord
 20385 | Orc:2    | Found a roughly hewn altar of Beogh.
 20606 | Orc:2    | Found Jyuh's Antique Armour Shoppe.
 20804 | Orc:2    | Received a gift from Okawaru
 21129 | Orc:2    | Noticed an orc warlord
 21162 | Orc:2    | Killed an orc warlord
 21255 | Orc:2    | Reached skill level 10 in Armour
 21502 | Orc:2    | Found a roughly hewn altar of Beogh.
 21579 | Orc:2    | Found Iqiemext's Book Shoppe.
 21599 | Orc:2    | Reached skill level 10 in Shields
 21640 | Orc:2    | Found Kaenocy's General Store.
 21644 | Orc:2    | Found Vylok's Antique Armour Shoppe.
 21650 | Orc:2    | Found Johoggybia's Antique Weapon Shoppe.
 21701 | Orc:2    | Bought a scroll of identify for 30 gold pieces
 21701 | Orc:2    | Bought a potion of might for 60 gold pieces
 22396 | Swamp:1  | Entered Level 1 of the Swamp
 22396 | Swamp:1  | Noticed a thorn hunter
 22396 | Swamp:1  | Noticed a tentacled monstrosity
 22417 | Swamp:1  | Killed a tentacled monstrosity
 22417 | Swamp:1  | Reached skill level 20 in Fighting
 22431 | Swamp:1  | Killed a thorn hunter
 23168 | D:13     | Reached XP level 16. HP: 101/119 MP: 18/22
 23600 | D:13     | Noticed Agrougrou's ghost (journeyman OgSk)
 23638 | D:13     | Killed Agrougrou's ghost
 23665 | D:13     | Found a gate to the Vaults.
 23699 | D:13     | Received a gift from Okawaru
 24241 | D:14     | Noticed Snorg
 24256 | D:14     | Killed Snorg
 24549 | D:14     | Noticed Nessos
 24602 | D:14     | Killed Nessos
 24986 | D:15     | Entered Level 15 of the Dungeon
 25016 | D:15     | Received a gift from Okawaru
 25046 | D:15     | Found a staircase to the Depths.
 25070 | D:15     | Reached skill level 21 in Fighting
 25245 | D:15     | Found a portal to a secret trove of treasure.
 25329 | D:15     | Found a flickering gateway to a bazaar.
 25338 | Bazaar   | Entered a bazaar
 25338 | Bazaar   | Found Nirhoel's Antique Armour Shop.
 25354 | Bazaar   | Found Vunwu's General Store.
 25374 | Bazaar   | Found Ediwk's Antique Weapon Shop.
 25423 | Bazaar   | Bought a scroll of magic mapping for 45 gold pieces
 25423 | Bazaar   | Bought a scroll of teleportation for 39 gold pieces
 26474 | Swamp:1  | Noticed Aizul
 26534 | Swamp:1  | Killed Aizul
 26641 | Swamp:1  | Noticed Roxanne
 26739 | Swamp:1  | Reached XP level 17. HP: 126/126 MP: 18/23
 26901 | Swamp:1  | Noticed Donald
 26924 | Swamp:1  | Killed Donald
 27275 | Swamp:2  | Noticed Frances
 27604 | Swamp:2  | Noticed Jorgrun
 27621 | Swamp:2  | Killed Jorgrun
 27621 | Swamp:2  | Received a gift from Okawaru
 28300 | Swamp:2  | Got a twisted scale mail
 28384 | Swamp:2  | Killed Frances
 28764 | Swamp:2  | Identified the +5 scale mail "Rirphoex" {Dex+5} (You found it on level 2 of the Swamp)
 28775 | Swamp:2  | Identified a scroll of acquirement
 28780 | Swamp:2  | Got a brightly glowing buckler
 28792 | Swamp:2  | Identified the +3 buckler "Maonnyfy" {Int+4} (You acquired it on level 2 of the Swamp)
 29023 | Swamp:3  | Reached skill level 22 in Fighting
 29690 | Swamp:4  | Entered Level 4 of the Swamp
 30040 | Swamp:4  | Received a gift from Okawaru
 30349 | Swamp:4  | Reached XP level 18. HP: 135/135 MP: 17/24
 30440 | Swamp:4  | Got a decaying rune of Zot
 30481 | Swamp:4  | Received a gift from Okawaru
 31693 | Spider:1 | Entered Level 1 of the Spider Nest
 32112 | Spider:1 | Received a gift from Okawaru
 32188 | Spider:1 | Noticed Kirke
 32209 | Spider:1 | Killed Kirke
 32972 | Spider:2 | Noticed Arachne
 32994 | Spider:2 | Killed Arachne
 33053 | Spider:2 | Reached skill level 23 in Fighting
 34186 | Spider:3 | Slain by a wolf spider

Skill      XL: |  1  2  3  4  5  6  7  8  9 10 11 12 13 14 15 16 17 18 |
---------------+-------------------------------------------------------+-----
Fighting       | 4 5 6 7 9 11 12 13 15 16 19 20 21 22 23 | 23.1
Maces & Flails | 3 4 5 6 8 9 10 11 12 13 | 13.8
Armour         | 4 6 8 10 12 13 | 13.9
Shields        | 4 6 8 10 12 13 | 13.9
Invocations    | 2 6 8 |  8.0
Dodging        | 1 4 5 |  5.0

Action                   |  1- 3 |  4- 6 |  7- 9 | 10-12 | 13-15 | 16-18 || total
-------------------------+-------+-------+-------+-------+-------+-------++-------
Melee: Flail             |   141 |   151 |   244 |   605 |       |       ||  1141
       Whip              |       |       |   328 |    10 |       |       ||   338
       Demon whip        |       |       |       |    73 |  2490 |  2693 ||  5256
Invok: Heroism           |       |       |       |     2 |    16 |     7 ||    25
       Finesse           |       |       |       |       |     5 |     4 ||     9
 Abil: Fly               |       |       |       |       |     1 |       ||     1
Evoke: Wand              |       |       |       |     2 |     4 |       ||     6
       Lamp of fire      |       |       |       |       |     1 |       ||     1
  Use: Potion            |       |     2 |       |       |     2 |     1 ||     5
       Scroll            |       |       |    11 |    11 |    11 |     6 ||    39
 Stab: Distracted        |       |       |       |       |       |     1 ||     1
       Confused          |       |       |       |       |       |     1 ||     1
  Eat: Chunk             |     1 |     4 |    14 |    18 |    27 |    31 ||    95
       Ration            |       |       |       |     2 |     4 |     2 ||     8
Armor: Scale mail        |   100 |    60 |   128 |       |       |       ||   288
       Chain mail        |       |       |    99 |   351 |   138 |       ||   588
       Ice dragon scales |       |       |       |       |   543 |  1355 ||  1898
Dodge: Dodged            |    60 |    45 |   123 |    61 |   306 |   687 ||  1282
Block: Shield            |    98 |    82 |   188 |    13 |       |       ||   381
       Large shield      |       |       |       |   406 |  1316 |  2101 ||  3823
